[Event "Live Chess"]
[Site "Chess.com"]
[Date "2011.01.29"]
[Round "-"]
[White "rogertrimble"]
[Black "hipposcottimus"]
[Result "0-1"]
[CurrentPosition "8/R6p/p3k1p1/Pp6/4pPP1/2r3K1/8/8 w - -"]
[Timezone "UTC"]
[ECO "C22"]
[ECOUrl "https://www.chess.com/openings/Center-Game-Accepted-Normal-Variation"]
[UTCDate "2011.01.29"]
[UTCTime "20:58:12"]
[WhiteElo "1498"]
[BlackElo "1608"]
[TimeControl "60"]
[Termination "hipposcottimus won on time"]
[StartTime "20:58:12"]
[EndDate "2011.01.29"]
[EndTime "21:00:28"]
[Link "https://www.chess.com/game/live/92727832"]

1. e4 e5 2. d4 exd4 3. Qxd4 Nc6 4. Qd1 d6 5. Nf3 Nf6 6. Be2 Bg4 7. O-O Be7 8. Nc3 O-O 9. Bg5 Nxe4 10. Bxe7 Nxc3 11. Bxd8 Nxd1 12. Raxd1 Raxd8 13. h3 Bh5 14. g4 Bg6 15. Nd4 Nxd4 16. Rxd4 Bxc2 17. Bd3 Bxd3 18. Rxd3 c5 19. Kg2 f5 20. b3 fxg4 21. hxg4 Rf4 22. f3 Rb4 23. Kg3 c4 24. bxc4 Rxc4 25. Rfd1 Rc6 26. a3 b6 27. Rd4 a6 28. a4 b5 29. Rb1 Rc5 30. a5 g6 31. Rbb4 d5 32. f4 Re8 33. Rd3 Re4 34. Rxe4 dxe4 35. Rd8+ Kf7 36. Rd7+ Ke6 37. Ra7 Rc3+ 0-1

[Event "Live Chess"]
[Site "Chess.com"]
[Date "2011.01.29"]
[Round "-"]
[White "Appollyonn"]
[Black "hipposcottimus"]
[Result "1-0"]
[CurrentPosition "3N2Qk/1rP3pp/8/4P3/ppB5/7P/PP3RP1/R1B3K1 b - -"]
[Timezone "UTC"]
[ECO "C31"]
[ECOUrl "https://www.chess.com/openings/Kings-Gambit-Declined-Falkbeer-Blackburne-Attack"]
[UTCDate "2011.01.29"]
[UTCTime "20:56:17"]
[WhiteElo "2005"]
[BlackElo "1602"]
[TimeControl "60"]
[Termination "Appollyonn won by checkmate"]
[StartTime "20:56:17"]
[EndDate "2011.01.29"]
[EndTime "20:57:40"]
[Link "https://www.chess.com/game/live/92727364"]

1. e4 e5 2. f4 d5 3. Nf3 dxe4 4. Nxe5 Bd6 5. Bc4 Bxe5 6. fxe5 Be6 7. Bb5+ c6 8. Be2 Ne7 9. O-O O-O 10. h3 f5 11. d3 Nd5 12. dxe4 fxe4 13. c4 Ne7 14. Nc3 Na6 15. Nxe4 Nc5 16. Nxc5 Nd5 17. Nxe6 Rf2 18. Rxf2 b5 19. Nxd8 a5 20. cxd5 b4 21. dxc6 Rb8 22. c7 a4 23. Qd5+ Kh8 24. Bc4 Rb7 25. Qg8# 1-0

[Event "Live Chess"]
[Site "Chess.com"]
[Date "2011.01.29"]
[Round "-"]
[White "hipposcottimus"]
[Black "ponchozamora"]
[Result "1-0"]
[CurrentPosition "r2q3r/pb1p1P1k/1pn3Q1/4N2p/8/2N5/PPP3PP/R4RK1 b - -"]
[Timezone "UTC"]
[ECO "B00"]
[ECOUrl "https://www.chess.com/openings/Owens-Defense-2.d4-Bb7"]
[UTCDate "2011.01.29"]
[UTCTime "20:31:09"]
[WhiteElo "1602"]
[BlackElo "1174"]
[TimeControl "60"]
[Termination "hipposcottimus won by checkmate"]
[StartTime "20:31:09"]
[EndDate "2011.01.29"]
[EndTime "20:32:26"]
[Link "https://www.chess.com/game/live/92720382"]

1. e4 b6 2. d4 Bb7 3. e5 g6 4. d5 Bg7 5. f4 f6 6. Nf3 g5 7. Bc4 h6 8. Nc3 gxf4 9. O-O h5 10. Bxf4 Bh6 11. Qd2 Bxf4 12. Qxf4 Nh6 13. exf6 Nf7 14. d6 e5 15. Bxf7+ Kxf7 16. Qxe5 cxd6 17. Qxd6 Nc6 18. Ne5+ Kg8 19. f7+ Kh7 20. Qg6# 1-0

[Event "Live Chess"]
[Site "Chess.com"]
[Date "2011.01.29"]
[Round "-"]
[White "ponchozamora"]
[Black "hipposcottimus"]
[Result "0-1"]
[CurrentPosition "r1b2rk1/ppN3pp/8/8/1P5P/P2PpPnR/3qP1B1/4K1N1 w - -"]
[Timezone "UTC"]
[ECO "A00"]
[ECOUrl "https://www.chess.com/openings/Kings-Fianchetto-Opening-1...e5-2.Bg2-Nc6"]
[UTCDate "2011.01.29"]
[UTCTime "20:29:36"]
[WhiteElo "1175"]
[BlackElo "1601"]
[TimeControl "60"]
[Termination "hipposcottimus won by checkmate"]
[StartTime "20:29:36"]
[EndDate "2011.01.29"]
[EndTime "20:30:59"]
[Link "https://www.chess.com/game/live/92719957"]

1. g3 e5 2. Bg2 Nc6 3. b3 d5 4. Bb2 e4 5. c3 f5 6. b4 Qe7 7. a3 Nf6 8. h3 Qf7 9. g4 Bd6 10. gxf5 Nh5 11. f3 Qxf5 12. d3 Ng3 13. Rh2 O-O 14. Bc1 Bf4 15. Bxf4 Qxf4 16. Qd2 e3 17. Qd1 d4 18. Ra2 dxc3 19. Nxc3 Nd4 20. Nd5 Qf7 21. Nxc7 Qxa2 22. h4 Nc2+ 23. Qxc2 Qxc2 24. Rh3 Qd2# 0-1

[Event "Live Chess"]
[Site "Chess.com"]
[Date "2011.01.29"]
[Round "-"]
[White "hipposcottimus"]
[Black "ponchozamora"]
[Result "1-0"]
[CurrentPosition "N6r/1B1pnk1p/4p3/6P1/pPn5/2B5/4K1P1/5R2 b - -"]
[Timezone "UTC"]
[ECO "B12"]
[ECOUrl "https://www.chess.com/openings/Caro-Kann-Defense-2.d4"]
[UTCDate "2011.01.29"]
[UTCTime "20:27:06"]
[WhiteElo "1600"]
[BlackElo "1176"]
[TimeControl "60"]
[Termination "hipposcottimus won on time"]
[StartTime "20:27:06"]
[EndDate "2011.01.29"]
[EndTime "20:29:22"]
[Link "https://www.chess.com/game/live/92719248"]

1. e4 c6 2. d4 b6 3. d5 Bb7 4. dxc6 Bxc6 5. Nc3 g6 6. f3 Bg7 7. Bd2 a6 8. Bd3 b5 9. Nge2 b4 10. Nd5 a5 11. O-O Bxd5 12. exd5 Bxb2 13. Rb1 Bf6 14. c3 Qb6+ 15. Kh1 e6 16. cxb4 a4 17. a3 Ne7 18. dxe6 fxe6 19. Re1 Be5 20. Nc3 Qd6 21. Be4 Bxh2 22. Nb5 Qg3 23. f4 Nbc6 24. Nc7+ Kf7 25. Nxa8 Nd4 26. Re3 Qf2 27. Re2 Qg1+ 28. Qxg1 Bxg1 29. Kxg1 Nxe2+ 30. Kf2 Nd4 31. Bb7 g5 32. Bc3 Nc2 33. fxg5 Nxa3 34. Rf1 Nc4 35. Ke2+ 1-0

[Event "Live Chess"]
[Site "Chess.com"]
[Date "2011.01.29"]
[Round "-"]
[White "ponchozamora"]
[Black "hipposcottimus"]
[Result "0-1"]
[CurrentPosition "2r5/1p4pp/p3bk2/1R2p3/2B5/P2P2P1/2K2b1P/2N5 w - -"]
[Timezone "UTC"]
[ECO "A00"]
[ECOUrl "https://www.chess.com/openings/Vant-Kruijs-Opening-1...e5"]
[UTCDate "2011.01.29"]
[UTCTime "20:24:59"]
[WhiteElo "1177"]
[BlackElo "1599"]
[TimeControl "60"]
[Termination "hipposcottimus won on time"]
[StartTime "20:24:59"]
[EndDate "2011.01.29"]
[EndTime "20:26:58"]
[Link "https://www.chess.com/game/live/92718661"]

1. e3 e5 2. g3 e4 3. Bg2 d5 4. b3 c5 5. Bb2 f6 6. a3 Ne7 7. b4 Ng6 8. bxc5 Bxc5 9. d4 exd3 10. cxd3 O-O 11. Nc3 d4 12. Ne4 dxe3 13. fxe3 Bxe3 14. Ne2 Ne5 15. Bxe5 fxe5 16. Qb3+ Kh8 17. Rf1 Nc6 18. Rxf8+ Qxf8 19. Nd6 Nd4 20. Qf7 Nc2+ 21. Kd1 Qxf7 22. Nxf7+ Kg8 23. Rb1 Kxf7 24. Kxc2 Bf2 25. Bd5+ Be6 26. Bc4 Kf6 27. Rb5 Rc8 28. Nc1 a6 0-1

[Event "Live Chess"]
[Site "Chess.com"]
[Date "2011.01.29"]
[Round "-"]
[White "hipposcottimus"]
[Black "ponchozamora"]
[Result "1-0"]
[CurrentPosition "r2k1Q2/p7/1pBPp3/2b5/2P2P2/2N5/P3N2P/R4K1R b - -"]
[Timezone "UTC"]
[ECO "B00"]
[ECOUrl "https://www.chess.com/openings/Owens-Defense-2.d4-Bb7"]
[UTCDate "2011.01.29"]
[UTCTime "20:23:10"]
[WhiteElo "1598"]
[BlackElo "1178"]
[TimeControl "60"]
[Termination "hipposcottimus won by checkmate"]
[StartTime "20:23:10"]
[EndDate "2011.01.29"]
[EndTime "20:24:51"]
[Link "https://www.chess.com/game/live/92718162"]

1. e4 b6 2. d4 Bb7 3. e5 e6 4. c4 Be7 5. b4 f6 6. Nc3 fxe5 7. dxe5 Nh6 8. f3 Nf5 9. Nge2 Ne3 10. Bxe3 Bxb4 11. f4 Bxg2 12. Bxg2 c6 13. Kf2 Qh4+ 14. Kf1 Rf8 15. Qe1 Bc5 16. Qxh4 Bxe3 17. Qxh7 d5 18. exd6 Nd7 19. Qxg7 Rf7 20. Qg8+ Nf8 21. Bxc6+ Kd8 22. Qxf7 Bc5 23. Qxf8# 1-0

[Event "Live Chess"]
[Site "Chess.com"]
[Date "2011.01.29"]
[Round "-"]
[White "ponchozamora"]
[Black "hipposcottimus"]
[Result "0-1"]
[CurrentPosition "8/5k1p/p2r2p1/1p2R1P1/3p1P2/3P4/PP1K3P/8 w - -"]
[Timezone "UTC"]
[ECO "A00"]
[ECOUrl "https://www.chess.com/openings/Kings-Fianchetto-Opening-1...e5-2.Bg2-d5-3.d3"]
[UTCDate "2011.01.29"]
[UTCTime "20:20:59"]
[WhiteElo "1179"]
[BlackElo "1597"]
[TimeControl "60"]
[Termination "hipposcottimus won on time"]
[StartTime "20:20:59"]
[EndDate "2011.01.29"]
[EndTime "20:23:01"]
[Link "https://www.chess.com/game/live/92717527"]

1. g3 e5 2. Bg2 d5 3. d3 c5 4. Be3 f5 5. Qd2 d4 6. Bg5 Be7 7. Bxe7 Nxe7 8. Na3 O-O 9. Nb5 a6 10. Na3 b5 11. Nb1 c4 12. Nf3 cxd3 13. cxd3 Bb7 14. e4 Nec6 15. exf5 Rxf5 16. Rg1 Nb4 17. Qxb4 Bxf3 18. Bh3 Rf8 19. Be6+ Kh8 20. Nd2 Qf6 21. Nxf3 Qxe6 22. Qxf8+ Qg8 23. Qxg8+ Kxg8 24. Nxe5 Nc6 25. Nd7 Rc8 26. Rc1 Rc7 27. Rxc6 Rxc6 28. Ne5 Re6 29. f4 Kf8 30. Kd2 Ke7 31. Re1 Kf6 32. Nc6 Rxc6 33. Re5 Rd6 34. g4 g6 35. g5+ Kf7 0-1

[Event "Live Chess"]
[Site "Chess.com"]
[Date "2011.01.29"]
[Round "-"]
[White "hipposcottimus"]
[Black "ponchozamora"]
[Result "1-0"]
[CurrentPosition "1k1R4/p1p5/1p6/2n1Pp2/8/2N2B2/PP5B/2K5 b - -"]
[Timezone "UTC"]
[ECO "B00"]
[ECOUrl "https://www.chess.com/openings/Owens-Defense-2.d4-Bb7"]
[UTCDate "2011.01.29"]
[UTCTime "20:19:02"]
[WhiteElo "1596"]
[BlackElo "1180"]
[TimeControl "60"]
[Termination "hipposcottimus won by checkmate"]
[StartTime "20:19:02"]
[EndDate "2011.01.29"]
[EndTime "20:20:46"]
[Link "https://www.chess.com/game/live/92716953"]

1. e4 b6 2. d4 Bb7 3. e5 g6 4. f3 Bg7 5. c4 h6 6. Be2 g5 7. f4 f5 8. fxg5 hxg5 9. Bxg5 d6 10. Nf3 dxe5 11. Nxe5 Bxe5 12. dxe5 Qxd1+ 13. Bxd1 Bxg2 14. Rg1 Rxh2 15. Bf4 Bc6 16. Bxh2 e6 17. Rxg8+ Kd7 18. Bh5 Na6 19. Rg7+ Kd8 20. Nc3 Nc5 21. O-O-O+ Bd5 22. cxd5 exd5 23. Rxd5+ Kc8 24. Rg8+ Kb7 25. Rxa8 Kxa8 26. Bf3 Kb8 27. Rd8# 1-0

[Event "Live Chess"]
[Site "Chess.com"]
[Date "2011.01.29"]
[Round "-"]
[White "ponchozamora"]
[Black "hipposcottimus"]
[Result "0-1"]
[CurrentPosition "3q2k1/6pp/Q7/1N1np1P1/5p2/1n1P1P1P/2r1PKB1/6NR w - -"]
[Timezone "UTC"]
[ECO "A00"]
[ECOUrl "https://www.chess.com/openings/Kings-Fianchetto-Opening-1...d5-2.Bg2-e5"]
[UTCDate "2011.01.29"]
[UTCTime "20:16:44"]
[WhiteElo "1181"]
[BlackElo "1595"]
[TimeControl "60"]
[Termination "hipposcottimus won on time"]
[StartTime "20:16:44"]
[EndDate "2011.01.29"]
[EndTime "20:18:37"]
[Link "https://www.chess.com/game/live/92716205"]

1. g3 d5 2. Bg2 e5 3. f3 c5 4. g4 f5 5. h3 f4 6. b3 Nf6 7. Bb2 d4 8. a3 Nc6 9. b4 Bd6 10. bxc5 Bxc5 11. d3 O-O 12. Qd2 b5 13. c3 b4 14. axb4 dxc3 15. Bxc3 Bxb4 16. Bxb4 a5 17. Bxf8 Kxf8 18. Qa2 Nb4 19. Qc4 Ba6 20. Qc5+ Kg8 21. g5 Rc8 22. Qxa5 Nc2+ 23. Kf2 Nd5 24. Qxa6 Nxa1 25. Na3 Nb3 26. Nb5 Rc2 0-1

[Event "Live Chess"]
[Site "Chess.com"]
[Date "2011.01.29"]
[Round "-"]
[White "hipposcottimus"]
[Black "CSumic"]
[Result "1-0"]
[CurrentPosition "r1b1r3/pp1n2pp/2nP2k1/2p3Q1/3p4/3P4/PP3PPP/R1B2RK1 b - -"]
[Timezone "UTC"]
[ECO "C40"]
[ECOUrl "https://www.chess.com/openings/Kings-Pawn-Opening-Kings-Knight-Gunderam-Gambit"]
[UTCDate "2011.01.29"]
[UTCTime "20:14:57"]
[WhiteElo "1594"]
[BlackElo "1701"]
[TimeControl "60"]
[Termination "hipposcottimus won by resignation"]
[StartTime "20:14:57"]
[EndDate "2011.01.29"]
[EndTime "20:15:51"]
[Link "https://www.chess.com/game/live/92715665"]

1. e4 e5 2. Nf3 c6 3. Bc4 d5 4. Bb3 Nd7 5. d3 d4 6. c3 c5 7. cxd4 exd4 8. Nbd2 Bd6 9. Nc4 Bc7 10. e5 Ne7 11. Nd6+ Bxd6 12. exd6 Nc6 13. Bxf7+ Kxf7 14. Ng5+ Kg6 15. O-O Re8 16. Qg4 Qxg5 17. Qxg5+ 1-0

[Event "Live Chess"]
[Site "Chess.com"]
[Date "2011.01.29"]
[Round "-"]
[White "hipposcottimus"]
[Black "KarpovsPutzfrau"]
[Result "1-0"]
[CurrentPosition "3r4/k5pp/2N2p2/1p3p2/1P3P2/P5P1/2Pr3P/4RRK1 b - -"]
[Timezone "UTC"]
[ECO "B01"]
[ECOUrl "https://www.chess.com/openings/Scandinavian-Defense-Mieses-Kotrc-Main-Line-4.d4"]
[UTCDate "2011.01.29"]
[UTCTime "20:12:22"]
[WhiteElo "1594"]
[BlackElo "1623"]
[TimeControl "60"]
[Termination "hipposcottimus won on time"]
[StartTime "20:12:22"]
[EndDate "2011.01.29"]
[EndTime "20:14:33"]
[Link "https://www.chess.com/game/live/92714853"]

1. e4 d5 2. exd5 Qxd5 3. Nc3 Qa5 4. d4 Nc6 5. d5 Ne5 6. f4 Nc4 7. Bxc4 Qc5 8. Be2 Bf5 9. Nf3 O-O-O 10. Bd3 e6 11. Bxf5 exf5 12. Qd3 Nf6 13. Be3 Qd6 14. O-O Be7 15. Qb5 b6 16. Qa6+ Kb8 17. Nb5 Qc5 18. Qxa7+ Kc8 19. Bxc5 Rd7 20. Bxe7 Nxd5 21. Ne5 Rxe7 22. Nc6 Kd7 23. Qxc7+ Nxc7 24. Nxc7 Kxc7 25. Ne5 f6 26. Nc4 Rd8 27. b3 Red7 28. Rae1 Kc6 29. g3 b5 30. Na5+ Kb6 31. b4 Ka7 32. a3 Rd2 33. Nc6+ 1-0

[Event "Live Chess"]
[Site "Chess.com"]
[Date "2011.01.29"]
[Round "-"]
[White "hipposcottimus"]
[Black "CPSheppard"]
[Result "1-0"]
[CurrentPosition "8/8/8/pppB1N2/4R3/k2R2P1/P4K1P/8 b - -"]
[Timezone "UTC"]
[ECO "B06"]
[ECOUrl "https://www.chess.com/openings/Modern-Defense-with-1-e4-2.Nf3"]
[UTCDate "2011.01.29"]
[UTCTime "20:09:38"]
[WhiteElo "1585"]
[BlackElo "1581"]
[TimeControl "60"]
[Termination "hipposcottimus won on time"]
[StartTime "20:09:38"]
[EndDate "2011.01.29"]
[EndTime "20:11:51"]
[Link "https://www.chess.com/game/live/92714062"]

1. e4 g6 2. Nf3 Bg7 3. e5 e6 4. d4 d6 5. c4 Ne7 6. Bd2 h6 7. Nc3 g5 8. Bd3 g4 9. Nh4 Nf5 10. g3 Nd7 11. Ng2 Bxe5 12. O-O Bf6 13. Ne4 Bxd4 14. Be3 Bxb2 15. Rb1 Bd4 16. Bxd4 Nxd4 17. f3 Nc5 18. Bc2 Nxe4 19. Qxd4 d5 20. Qxh8+ Ke7 21. Qxd8+ Kxd8 22. fxe4 d4 23. Rxf7 Bd7 24. Rf8+ Be8 25. Nf4 c6 26. Rh8 Kc7 27. Nxe6+ Kd6 28. Nxd4 Kc5 29. Nf5 Kxc4 30. Bb3+ Kb4 31. Rc1 Ka3 32. Rc3 Kb2 33. Rc2+ Ka3 34. Rxh6 Rd8 35. Kf2 c5 36. Rh4 Bc6 37. Rxg4 Bxe4 38. Rxe4 Rd2+ 39. Rxd2 b5 40. Bd5 a5 41. Rd3+ 1-0

[Event "Live Chess"]
[Site "Chess.com"]
[Date "2011.01.29"]
[Round "-"]
[White "CPSheppard"]
[Black "hipposcottimus"]
[Result "1-0"]
[CurrentPosition "3N4/ppp4p/5kpr/2b5/8/1P6/PP2b1K1/8 b - -"]
[Timezone "UTC"]
[ECO "C23"]
[ECOUrl "https://www.chess.com/openings/Bishops-Opening-2...Nc6"]
[UTCDate "2011.01.29"]
[UTCTime "20:07:04"]
[WhiteElo "1589"]
[BlackElo "1577"]
[TimeControl "60"]
[Termination "CPSheppard won on time"]
[StartTime "20:07:04"]
[EndDate "2011.01.29"]
[EndTime "20:09:21"]
[Link "https://www.chess.com/game/live/92713283"]

1. e4 e5 2. Bc4 Nc6 3. Bxf7+ Kxf7 4. Qh5+ g6 5. Qf3+ Nf6 6. Qb3+ d5 7. Nf3 Na5 8. Nxe5+ Kg7 9. exd5 Nxb3 10. cxb3 Nxd5 11. O-O Qe7 12. d4 Qf6 13. Nd2 Bd6 14. Ndf3 Rf8 15. Bg5 Qe6 16. Bf4 Nxf4 17. Ng5 Qf5 18. g4 Qxg4+ 19. Nxg4 Nh5 20. Ne5 Bh3 21. Rfe1 Rae8 22. f4 Nxf4 23. Rf1 Ne2+ 24. Kh1 Rxf1+ 25. Rxf1 Bxf1 26. Nef3 Re3 27. d5 Nf4 28. Ne6+ Nxe6 29. dxe6 Rxe6 30. Ng5 Rf6 31. Ne4 Rf3 32. Ng5 Rf2 33. Ne6+ Kf6 34. Nd8 Rxh2+ 35. Kg1 Be2 36. Nc6 Rh6 37. Nd8 Bc5+ 38. Kg2 1-0

[Event "Live Chess"]
[Site "Chess.com"]
[Date "2011.01.29"]
[Round "-"]
[White "hipposcottimus"]
[Black "CPSheppard"]
[Result "0-1"]
[CurrentPosition "2k5/p7/1B2b2p/1P1NK1p1/3n2P1/5P2/3r2rP/8 w - -"]
[Timezone "UTC"]
[ECO "B06"]
[ECOUrl "https://www.chess.com/openings/Modern-Defense-with-1-e4-2.d4-Bg7"]
[UTCDate "2011.01.29"]
[UTCTime "20:04:25"]
[WhiteElo "1585"]
[BlackElo "1581"]
[TimeControl "60"]
[Termination "CPSheppard won on time"]
[StartTime "20:04:25"]
[EndDate "2011.01.29"]
[EndTime "20:06:44"]
[Link "https://www.chess.com/game/live/92712535"]

1. e4 g6 2. d4 Bg7 3. e5 e6 4. c4 d6 5. b4 dxe5 6. dxe5 Qxd1+ 7. Kxd1 Bxe5 8. Be2 Bxa1 9. Nf3 Nc6 10. Bd2 Nd4 11. Ne5 Nxe2 12. Kxe2 f6 13. Nd3 Bd4 14. Nc3 Bxc3 15. Bxc3 e5 16. Nc5 b6 17. Ne4 Bf5 18. Ng3 Bg4+ 19. f3 Be6 20. Ne4 Bxc4+ 21. Kf2 Rd8 22. Re1 Rd3 23. Bb2 Bxa2 24. b5 Ne7 25. Nxf6+ Kf7 26. Ne4 Nf5 27. Bc1 Nd4 28. Ng5+ Kg7 29. Rxe5 h6 30. Re7+ Kf6 31. Rf7+ Ke5 32. Re7+ Kf5 33. g4+ Kf6 34. Rf7+ Bxf7 35. Ne4+ Ke6 36. Bf4 Kd7 37. Bxc7 Kc8 38. Nf6 Re8 39. Nd5 Re2+ 40. Kg3 Rdd2 41. Bxb6 Rg2+ 42. Kf4 g5+ 43. Ke5 Be6 0-1

[Event "Live Chess"]
[Site "Chess.com"]
[Date "2011.01.29"]
[Round "-"]
[White "john149"]
[Black "hipposcottimus"]
[Result "0-1"]
[CurrentPosition "6k1/ppp3p1/5p2/3P4/6K1/2P3P1/Pr6/8 b - -"]
[Timezone "UTC"]
[ECO "C24"]
[ECOUrl "https://www.chess.com/openings/Bishops-Opening-Berlin-Defense-3.d3-Nc6"]
[UTCDate "2011.01.29"]
[UTCTime "20:01:52"]
[WhiteElo "1257"]
[BlackElo "1593"]
[TimeControl "60"]
[Termination "hipposcottimus won by resignation"]
[StartTime "20:01:52"]
[EndDate "2011.01.29"]
[EndTime "20:03:53"]
[Link "https://www.chess.com/game/live/92711826"]

1. e4 e5 2. Bc4 Nf6 3. d3 Nc6 4. c3 d5 5. exd5 Nxd5 6. Bxd5 Qxd5 7. f3 Bf5 8. Ne2 e4 9. d4 exf3 10. O-O fxg2 11. Rf2 Be4 12. Ng3 Bd6 13. Qe1 Bxg3 14. Qe2 Bxf2+ 15. Qxf2 O-O 16. Be3 Ne7 17. Nd2 Nf5 18. Nxe4 Qxe4 19. Re1 Nxe3 20. Rxe3 Qb1+ 21. Kxg2 Rae8 22. Rf3 Qg6+ 23. Kh3 f6 24. Qg3 Re4 25. Qxg6 hxg6 26. Rg3 Rfe8 27. Rxg6 Re3+ 28. Rg3 Rxg3+ 29. hxg3 Re2 30. Kg4 Rxb2 31. d5 0-1

[Event "Live Chess"]
[Site "Chess.com"]
[Date "2011.01.29"]
[Round "-"]
[White "hipposcottimus"]
[Black "john149"]
[Result "1-0"]
[CurrentPosition "8/5Rp1/2k4p/2p5/8/8/PPP3PP/5K2 b - -"]
[Timezone "UTC"]
[ECO "C41"]
[ECOUrl "https://www.chess.com/openings/Philidor-Defense-3.Bc4"]
[UTCDate "2011.01.29"]
[UTCTime "20:00:07"]
[WhiteElo "1591"]
[BlackElo "1259"]
[TimeControl "60"]
[Termination "hipposcottimus won by resignation"]
[StartTime "20:00:07"]
[EndDate "2011.01.29"]
[EndTime "20:01:28"]
[Link "https://www.chess.com/game/live/92711352"]

1. e4 e5 2. Nf3 d6 3. Bc4 Nc6 4. d4 h6 5. Bb5 a6 6. d5 Bd7 7. dxc6 Bxc6 8. Bd3 Bb5 9. Nc3 Bxd3 10. Qxd3 b5 11. O-O c5 12. Nxb5 axb5 13. Qxb5+ Qd7 14. Qxd7+ Kxd7 15. Ne1 Rb8 16. f4 Nf6 17. fxe5 Nxe4 18. exd6 Kxd6 19. Bf4+ Kd5 20. Bxb8 Bd6 21. Bxd6 Kxd6 22. Rxf7 Nd2 23. Rd1 Kc6 24. Rxd2 Re8 25. Rdf2 Rxe1+ 26. Rf1 Rxf1+ 27. Kxf1 1-0

[Event "Live Chess"]
[Site "Chess.com"]
[Date "2011.01.29"]
[Round "-"]
[White "hipposcottimus"]
[Black "TimArnett"]
[Result "1-0"]
[CurrentPosition "1nk4r/pQ5p/5p2/2PB4/5P2/6P1/PPP5/R4RK1 b - -"]
[Timezone "UTC"]
[ECO "B01"]
[ECOUrl "https://www.chess.com/openings/Scandinavian-Defense-Mieses-Kotrc-Variation-3.Nc3-Qe5-4.Be2"]
[UTCDate "2011.01.29"]
[UTCTime "19:57:29"]
[WhiteElo "1589"]
[BlackElo "1502"]
[TimeControl "60"]
[Termination "hipposcottimus won on time"]
[StartTime "19:57:29"]
[EndDate "2011.01.29"]
[EndTime "19:59:36"]
[Link "https://www.chess.com/game/live/92710577"]

1. e4 d5 2. exd5 Qxd5 3. Nc3 Qe5+ 4. Be2 e6 5. d4 Qa5 6. Bd2 Bb4 7. Nf3 c5 8. dxc5 Qd8 9. O-O Bd7 10. Ne4 Bxd2 11. Nd6+ Ke7 12. Qxd2 Bc6 13. Ne5 Qxd6 14. Qxd6+ Kf6 15. Ng4+ Kg5 16. h4+ Kxh4 17. g3+ Kg5 18. f4+ Kg6 19. Bd3+ f5 20. Qxe6+ Nf6 21. Qxf5+ Kf7 22. Bc4+ Bd5 23. Bxd5+ Kf8 24. Qc8+ Ke7 25. Qxb7+ Kd8 26. Nxf6 gxf6 27. Qxa8 Kc8 28. Qb7+ 1-0

[Event "Live Chess"]
[Site "Chess.com"]
[Date "2011.01.29"]
[Round "-"]
[White "amar12345"]
[Black "hipposcottimus"]
[Result "0-1"]
[CurrentPosition "8/p1P3k1/2q5/5p2/1P3P2/PK5p/8/8 w - -"]
[Timezone "UTC"]
[ECO "C31"]
[ECOUrl "https://www.chess.com/openings/Kings-Gambit-Declined-Falkbeer-Blackburne-Attack"]
[UTCDate "2011.01.29"]
[UTCTime "19:54:33"]
[WhiteElo "1557"]
[BlackElo "1583"]
[TimeControl "60"]
[Termination "hipposcottimus won on time"]
[StartTime "19:54:33"]
[EndDate "2011.01.29"]
[EndTime "19:56:48"]
[Link "https://www.chess.com/game/live/92709708"]

1. e4 e5 2. f4 d5 3. Nf3 dxe4 4. Nxe5 f6 5. Nc4 f5 6. Nc3 b5 7. Ne5 Nf6 8. Bxb5+ c6 9. Nxc6 Nxc6 10. Bxc6+ Bd7 11. Bxa8 Bc5 12. d3 Qb6 13. Qe2 O-O 14. Nd5 Nxd5 15. Bxd5+ Kh8 16. Bd2 exd3 17. Qxd3 Bf2+ 18. Kd1 Re8 19. Kc1 Bc6 20. Bxc6 Qxc6 21. Rf1 Qxg2 22. Rd1 Qxh2 23. Qd7 Rf8 24. Bc3 Qh6 25. b3 Bh4 26. Kb2 Rd8 27. Qe7 Bxe7 28. Rxd8+ Bxd8 29. Rd1 Qb6 30. Rxd8+ Qxd8 31. Bxg7+ Kxg7 32. a3 Qf6+ 33. Ka2 Qa6 34. b4 Qe2 35. Kb3 h5 36. c4 h4 37. c5 h3 38. c6 Qe4 39. c7 Qc6 0-1

[Event "Live Chess"]
[Site "Chess.com"]
[Date "2011.01.29"]
[Round "-"]
[White "hipposcottimus"]
[Black "amar12345"]
[Result "0-1"]
[CurrentPosition "r4k2/pb3p2/4p1pp/2p1nn2/2P2P2/2N5/PPQ1B1qP/3R1RK1 w - -"]
[Timezone "UTC"]
[ECO "B00"]
[ECOUrl "https://www.chess.com/openings/Owens-Defense-2.d4"]
[UTCDate "2011.01.29"]
[UTCTime "19:53:03"]
[WhiteElo "1575"]
[BlackElo "1565"]
[TimeControl "60"]
[Termination "amar12345 won by checkmate"]
[StartTime "19:53:03"]
[EndDate "2011.01.29"]
[EndTime "19:54:12"]
[Link "https://www.chess.com/game/live/92709359"]

1. e4 b6 2. d4 g6 3. c4 Bg7 4. e5 Bb7 5. Qe2 e6 6. Nf3 c6 7. Bg5 Ne7 8. Qd3 h6 9. Bf6 Bxf6 10. exf6 Nf5 11. Be2 Qxf6 12. O-O O-O 13. Ne5 c5 14. Nxd7 Qe7 15. Nxf8 Kxf8 16. dxc5 bxc5 17. Nc3 Nd7 18. Qc2 Ne5 19. Rad1 Qg5 20. f4 Qxg2# 0-1

[Event "Live Chess"]
[Site "Chess.com"]
[Date "2011.01.29"]
[Round "-"]
[White "amar12345"]
[Black "hipposcottimus"]
[Result "0-1"]
[CurrentPosition "r6R/ppp1k1pp/2n3b1/6K1/2B2P2/q7/6PP/8 w - -"]
[Timezone "UTC"]
[ECO "C31"]
[ECOUrl "https://www.chess.com/openings/Kings-Gambit-Declined-Falkbeer-Blackburne-Attack"]
[UTCDate "2011.01.29"]
[UTCTime "19:51:04"]
[WhiteElo "1556"]
[BlackElo "1584"]
[TimeControl "60"]
[Termination "hipposcottimus won on time"]
[StartTime "19:51:04"]
[EndDate "2011.01.29"]
[EndTime "19:52:54"]
[Link "https://www.chess.com/game/live/92708792"]

1. e4 e5 2. f4 d5 3. Nf3 dxe4 4. Nxe5 f6 5. Nc4 f5 6. d3 Nf6 7. Qe2 Be7 8. Nc3 O-O 9. dxe4 fxe4 10. Nxe4 Bb4+ 11. Bd2 Re8 12. Bxb4 Rxe4 13. Ne3 Ng4 14. Qf3 Rxe3+ 15. Qxe3 Nxe3 16. Be2 Nxc2+ 17. Kf2 Nxa1 18. Rxa1 Qd2 19. Rd1 Qxb4 20. Rd8+ Kf7 21. a3 Qxb2 22. Kg3 Nc6 23. Bc4+ Ke7 24. Rh8 Qxa3+ 25. Kh4 Bf5 26. Kg5 Bg6 0-1